 Dungeon Crawl Stone Soup version 0.25-a0-413-g3b4b6a4 (webtiles) character file.

Game seed: 12411614030416548546, levelgen mode: deterministic

641 2tousent the Insei (level 7, -16/52 HPs)
             Began as a Purple Draconian Transmuter on Jan 16, 2020.
             Was a Believer of Ru.
             Demolished by Harold
             ... wielding a +0 long sword
              (24 damage)
             ... on level 7 of the Dungeon.
             The game lasted 00:18:49 (7263 turns).

2tousent the Insei (Purple Draconian Transmuter)    Turns: 7263, Time: 00:18:50

Health: -16/52     AC:  2    Str: 13    XL:     7   Next: 26%
Magic:  12/14      EV: 19    Int: 13    God:    Ru [**....]
Gold:   479        SH:  0    Dex: 19    Spells: 6/16 levels left

rFire    . . .     SeeInvis .     - Unarmed
rCold    . . .     Gourm    .   (shield currently unavailable)
rNeg     . . .     Faith    .   (armour unavailable)
rPois    x         Spirit   .   (helmet currently unavailable)
rElec    .         Reflect  .   (cloak currently unavailable)
rCorr    +         Harm     .   (gloves currently unavailable)
MR       +....                  (boots currently unavailable)
Stlth    ++........             (no amulet)
HPRegen  0.17/turn              g - ring of flight
MPRegen  0.14/turn              t - ring of resist corrosion

@: spider-form, invisible
A: tiny, (breathe power), unfitting armour, inexperienced 1, AC +6
a: End Transformation, Renounce Religion, Evoke Flight


You were on level 7 of the Dungeon.
You worshipped Ru.
Ru was pleased with you.
You were not hungry.
You were a venomous arachnid creature.
You visited 2 branches of the dungeon, and saw 8 of its levels.

You collected 479 gold pieces.

Inventory:

Missiles
 a - 128 arrows
Armour
 e - a +0 pair of gloves
 f - a +2 pair of gloves (melded)
 j - a +0 cloak (melded)
Jewellery
 g - a ring of flight (left front leg)
 t - a ring of resist corrosion (right front leg)
Wands
 m - a wand of flame (27)
 q - a wand of digging (5)
Scrolls
 b - 2 scrolls of fear
 o - a scroll of brand weapon {unknown}
 r - 3 scrolls of amnesia
 u - 2 scrolls of teleportation
 w - a scroll of magic mapping {unknown}
 x - a scroll of remove curse
 y - 2 scrolls of enchant weapon
 z - a scroll of vulnerability {unknown}
 A - 3 scrolls of fog
Potions
 d - 2 potions of curing
 h - a potion of might
 i - 2 potions of magic
 n - 3 potions of agility {unknown}
 p - 2 potions of mutation
 s - a potion of cancellation
 v - a potion of resistance
Comestibles
 c - 11 rations
 B - 2 chunks of flesh


   Skills:
 - Level 1.1 Fighting
 - Level 1.7 Dodging
 * Level 7.5 Unarmed Combat
 - Level 5.0 Spellcasting
 * Level 7.0 Transmutations
 - Level 4.0 Poison Magic


You had 6 spell levels left.
You knew the following spells:

 Your Spells              Type           Power        Failure   Level  Hunger
a - Blade Hands           Tmut           ###.......   50%         5    ######.
b - Spider Form           Tmut/Pois      ###.......   17%         3    ###....
c - Sticks to Snakes      Tmut           ###.....     7%          2    ##.....

Your spell library contained the following spells:

 Spells                   Type           Power        Failure   Level  Hunger
 Beastly Appendage        Tmut           ###...       5%          1    None
 Animate Skeleton         Necr           N/A          38%         1    None
 Apportation              Tloc           #.....       38%         1    None
 Corona                   Hex            #......      38%         1    None
 Magic Dart               Conj           #...         38%         1    None
 Summon Small Mammal      Summ           #...         38%         1    None
 Blink                    Tloc           N/A          50%         2    ##.....
 Call Imp                 Summ           #.......     50%         2    ##.....
 Ensorcelled Hibernation  Hex/Ice        #.....       50%         2    ##.....
 Searing Ray              Conj           #.....       50%         2    ##.....
 Slow                     Hex            #.......     50%         2    ##.....
 Mephitic Cloud           Conj/Pois/Air  #.......     54%         3    ###....
 Ice Form                 Ice/Tmut       ##......     63%         4    ####...
 Petrify                  Tmut/Erth      ##......     63%         4    ####...
 Confusing Touch          Hex            #.......     71%         3    ###....
 Conjure Flame            Conj/Fire      #.......     71%         3    ###....
 Dazzling Flash           Conj/Hex       #.....       71%         3    ###....
 Gell's Gravitas          Tloc           #.........   71%         3    ###....
 Tukima's Dance           Hex            #.......     71%         3    ###....
 Yara's Violent Unravell  Hex/Tmut       ##........   90%         5    ######.
 Fulminant Prism          Conj/Hex       #.........   96%         4    ####...
 Iskenderun's Mystic Bla  Conj/Tloc      #.......     96%         4    ####...
 Metabolic Englaciation   Hex/Ice        #.........   100%        5    ######.


Dungeon Overview and Level Annotations

Branches:
Dungeon (7/15)             Temple (1/1) D:5

Altars:
Ashenzari
Cheibriados
Dithmenos
Elyvilon
Fedhas
Gozag
Hepliaklqana
Kikubaaqudgha
Makhleb
Nemelex Xobeh
Okawaru
Qazlal
Ru
Sif Muna
Trog
Uskayaw
Vehumet
Wu Jian
Xom
Yredelemnul
Zin
The Shining One

Shops:
D:5 %   D:7 (

Annotations:
D:6 3 runed translucent doors, Despondentz's ghost, novice DrAE
D:7 2 transporters, Grum; Harold


Innate Abilities, Weirdness & Mutations

((You can breathe bolts of dispelling energy.))
((Your rich purple scales are hard. (AC +6)))
You cannot fit into any form of body armour.
((You are cold-blooded and may be slowed by cold attacks.))
You are somewhat inexperienced. (-2 XL)


Message History

You hit Harold.
Harold looks as sick as possible!
Harold is moderately wounded.
Harold hits you with a +0 long sword.
* * * LOW HITPOINT WARNING * * *
Harold fires a harpoon shot at you. The harpoon shot hits you!
* * * LOW HITPOINT WARNING * * *
You are yanked forward by the harpoon shot.
You focus your will and illuminate Harold in retribution!
You feel much better. Harold barely misses you.
Harold zaps a wand.
Harold creates a blast of noxious fumes!
Harold zaps a wand.
Harold creates a blast of freezing vapour!
The now-empty wand crumbles to dust.
There is an entrance to Tisuyt's Weapon Emporium here.
Harold hits you with a +0 long sword! x2
* * * LOW HITPOINT WARNING * * *
You fade into invisibility!
Harold hits you with a +0 long sword!!
You die...

###.##### #.......#.#
...# ##.......... ...#
##........# #..##
........>.#####...#
##........##......#
##...........##...#
........)....##@.∩#
.............§§§s.#
...........§§##§§∩#
..........§§.######
..........§..######
##.##.......###...##
#######
##.##.########.###.#####
#...... ..>##.# #.#
#.....# #.##... #####.#
#.###.###.####.##.##
##.## ##...##
#.........#.


You could see Harold.

Vanquished Creatures
  A water moccasin (D:6)
  An ice beast (D:5)
  2 sky beasts
  2 black bears (D:7)
  An ogre (D:7)
  A phantom (D:5)
  2 centaurs
  A bullfrog (D:6)
  4 crimson imps
  A bullfrog zombie (D:6)
  3 orc wizards
  2 jellies
  2 centaur skeletons
  2 hounds
  Crazy Yiuf (D:7)
  2 bullfrog skeletons
  2 worker ants
  A hound zombie (D:5)
  A worker ant zombie (D:6)
  3 gnolls (D:7)
  8 adders
  A shadow imp (D:6)
  A worm (D:2)
  2 dart slugs (D:1)
  5 leopard geckos
  16 orcs
  7 bats
  7 giant cockroaches
  7 goblins
  2 hobgoblins
  12 jackals
  2 quokkas
  2 ball pythons
  4 frilled lizards
  4 kobolds
  A leopard gecko zombie (D:6)
  6 rats
122 creatures vanquished.

Vanquished Creatures (others)
  6 plants (D:7)
6 creatures vanquished.

Grand Total: 128 creatures vanquished

Notes
Turn   | Place    | Note
-------+----------+-------------------------------------------
     0 | D:1      | 2tousent the Draconian Transmuter began the quest for the
                  | Orb.
     0 | D:1      | Reached XP level 1. HP: 16/16 MP: 3/3
   214 | D:1      | Reached XP level 2. HP: 19/23 MP: 3/5
  1252 | D:2      | Learned a level 2 spell: Sticks to Snakes
  1259 | D:2      | Reached XP level 3. HP: 24/28 MP: 4/6
  1348 | D:2      | Learned a level 3 spell: Spider Form
  2214 | D:3      | Reached XP level 4. HP: 21/35 MP: 7/7
  2409 | D:3      | Reached skill level 1 in Poison Magic
  2456 | D:3      | Found a white marble altar of Elyvilon.
  3379 | D:4      | Reached XP level 5. HP: 28/40 MP: 8/8
  4378 | D:5      | Entered Level 5 of the Dungeon
  4417 | D:5      | Reached XP level 6. HP: 32/47 MP: 6/10
  4424 | D:5      | Learned a level 5 spell: Blade Hands
  4527 | D:5      | Found Banef's Food Shop.
  4799 | D:5      | Noticed an ice beast
  4819 | D:5      | Killed an ice beast
  5161 | D:5      | Reached skill level 5 in Unarmed Combat
  5170 | D:5      | Your scales start taking on a rich purple colour.
  5170 | D:5      | Reached XP level 7. HP: 44/52 MP: 9/12
  5232 | D:5      | Found a staircase to the Ecumenical Temple.
  5254 | Temple   | Entered the Ecumenical Temple
  5324 | Temple   | Became a worshipper of Ru the Awakened
  5682 | D:6      | Reached skill level 5 in Transmutations
  5688 | D:6      | Noticed Despondentz's ghost (novice DrAE)
  5697 | D:6      | Found a runed translucent gate.
  5697 | D:6      | Found a runed translucent gate.
  5698 | D:6      | Found a runed translucent gate.
  6008 | D:6      | Reached XP level 8. HP: 47/59 MP: 8/15
  6396 | D:6      | Reached skill level 5 in Spellcasting
  6859 | D:7      | Gained mutation: You are somewhat inexperienced. (-2 XL)
                  | [Ru sacrifice]
  6859 | D:7      | Reached XP level 7. HP: 52/52 MP: 14/14
  6859 | D:7      | Reached XP level 6. HP: 47/47 MP: 13/13
  6859 | D:7      | Reached * piety under Ru
  6859 | D:7      | Reached ** piety under Ru
  6888 | D:7      | Found a transporter.
  6889 | D:7      | Found a transporter.
  6915 | D:7      | Noticed Grum
  6933 | D:7      | Noticed a sky beast
  6948 | D:7      | Killed a sky beast
  6987 | D:7      | Reached XP level 7. HP: 45/52 MP: 14/14
  7055 | D:7      | Identified the +1 scale mail "Weumok" {rC+}
  7116 | D:7      | Found a runed translucent door.
  7117 | D:7      | Noticed Crazy Yiuf
  7183 | D:7      | Killed Crazy Yiuf
  7244 | D:7      | Found Tisuyt's Weapon Emporium.
  7248 | D:7      | Noticed Harold
  7263 | D:7      | Demolished by Harold

Levels and vault maps discovered:
D:1:      dpeg_arrival_fog, layout_basic
D:2:      minmay_evil_eye, layout_loops_corners
D:3:      wander_river, layout_rooms, elyvilon_altar_3
D:4:      layout_cave_pods, serial_column_ruins, column_ruins_hut,
          column_ruins_grid_1, column_ruins_open_small,
          column_ruins_columns_dead_end, column_ruins_open_medium,
          column_ruins_open_small_water
D:5:      layout_basic, minmay_temple_entry_grid, serial_shops,
          nicolae_shop_behind_doors, first_ration
D:6:      layout_loops_cross, gammafunk_ghost_split,
          chequers_serial_rivers_small_a
D:7:      layout_loops_cross, serial_shops,
          nicolae_shop_competitors_out_of_business,
          gammafunk_ghost_gnarly_gnolls, uniq_harold, uniq_crazy_yiuf_cottage
Temple:   dpeg_three_leaves_temple

Skill      XL: |  1  2  3  4  5  6  7  8 |
---------------+-------------------------+-----
Transmutations | 3 4 7 6 |  7.0
Poison Magic   | 1 2 3 4 |  4.0
Unarmed Combat | 4 5 6 7 |  7.5
Spellcasting   | 3 4 5 |  5.0
Fighting       | |  1.1
Dodging        | |  1.7

Action                   |  1- 3 |  4- 6 |  7- 9 || total
-------------------------+-------+-------+-------++-------
Melee: Unarmed           |   144 |   232 |   210 ||   586
       Tailslap          |    14 |     9 |    18 ||    41
       Kick              |     4 |     1 |       ||     5
       Headbutt          |     3 |       |       ||     3
       Punch             |       |     4 |     4 ||     8
 Cast: Beastly Appendage |    11 |     1 |       ||    12
       Spider Form       |     2 |    15 |    13 ||    30
       Blade Hands       |       |       |     2 ||     2
Invok: Sacrifice Experie |       |     1 |       ||     1
 Abil: Breathe Dispellin |       |       |     1 ||     1
  Use: Scroll            |     4 |     8 |     6 ||    18
       Potion            |       |       |     2 ||     2
 Stab: Sleeping          |     2 |     3 |       ||     5
  Eat: Chunk             |     5 |     8 |     3 ||    16
       Ration            |       |     1 |     2 ||     3
Armor: Skin              |    47 |    86 |    46 ||   179
Dodge: Dodged            |    97 |   162 |   122 ||   381

Table legend:
 A = Non-vault XP
 B = Vault XP
 C = Vault XP percentage of total XP
 D = Non-vault monster count
 E = Vault monster count
 F = Vault count percentage of total count
                 A         B        C        D         E       F
            +---------+---------+-------+---------+---------+-------
      Total |    2435 |      52 |   2.1 |     119 |       3 |   2.5
            +---------+---------+-------+---------+---------+-------
        D:1 |      25 |       0 |   0.0 |      12 |       0 |   0.0
        D:2 |      38 |      13 |  25.5 |      14 |       1 |   6.7
        D:3 |      72 |       0 |   0.0 |      24 |       0 |   0.0
        D:4 |     181 |       2 |   1.1 |      16 |       1 |   5.9
        D:5 |     558 |       0 |   0.0 |      13 |       0 |   0.0
        D:6 |     916 |       0 |   0.0 |      29 |       0 |   0.0
        D:7 |     645 |      37 |   5.4 |      11 |       1 |   8.3
            +---------+---------+-------+---------+---------+-------
